AA CENTRAL
FRISCO ROUGHRIDERS @ SPRINGFIELD CARDINALS
07/24/2041
 
TOP OF THE 1ST
Frisco RoughRiders batting - Pitching for Springfield Cardinals : RHP Juan López
Pitching: RHP Juan López
Batting: RHB Dave Maxwell 0-0: Called Strike
0-1: Ball
1-1: Swinging Strike
1-2: Strikes out looking
Batting: LHB Caspar Ahernfeld 0-0: Ball
1-0: Ground out 4-3 (Groundball, 4, EV 79.4 MPH)
Batting: RHB António Ramírez 0-0: Called Strike
0-1: Ball
1-1: Foul Ball, location: 2F
1-2: Foul Ball, location: 3F
1-2: Ball
2-2: Strikes out swinging
Top of the 1st over - 0 runs, 0 hits, 0 errors, 0 left on base; Frisco 0 - Springfield 0
BOTTOM OF THE 1ST
Springfield Cardinals batting - Pitching for Frisco RoughRiders : RHP Jorge Benítez
Pitching: RHP Jorge Benítez
Batting: RHB Mende Dodwell 0-0: DOUBLE (Line Drive, 89D, EV 100.0 MPH)
Batting: LHB José Baca 0-0: Called Strike
0-1: Ball
1-1: SINGLE (Groundball, 4M, EV 103.1 MPH) (infield hit)
Mende Dodwell to third
Batting: RHB Ronnie Watson 0-0: Ball
1-0: Ball
2-0: SINGLE (Line Drive, 78S, EV 91.3 MPH)
Mende Dodwell scores
José Baca to second
Batting: LHB Alex Wood 0-0: Ball
1-0: Called Strike
1-1: Foul Ball, location: 2F
1-2: Ball
2-2: Foul Ball, location: 7LDF
2-2: Ball
3-2: Foul Ball, location: 2LF
3-2: Foul Ball, location: 2F
3-2: Grounds into double play, 4-6-3 (Groundball, 4MD, EV 96.3 MPH)
José Baca to third
Batting: RHB Tony Vance 0-0: Ball
1-0: Ground out 6-3 (Groundball, 56, EV 90.0 MPH)
Bottom of the 1st over - 1 run, 3 hits, 0 errors, 1 left on base; Frisco 0 - Springfield 1
TOP OF THE 2ND
Frisco RoughRiders batting - Pitching for Springfield Cardinals : RHP Juan López
Batting: RHB Joel Johnson 0-0: Ball
1-0: Ball
2-0: Called Strike
2-1: Called Strike
2-2: Strikes out swinging
Batting: LHB Jim Unknown 0-0: Swinging Strike
0-1: Foul Ball, location: 2F
0-2: Strikes out swinging
Batting: RHB Jim Unknown 0-0: Ball
1-0: Called Strike
1-1: Foul Ball, location: 9LMFF
1-2: Ball
2-2: Strikes out swinging
Top of the 2nd over - 0 runs, 0 hits, 0 errors, 0 left on base; Frisco 0 - Springfield 1
BOTTOM OF THE 2ND
Springfield Cardinals batting - Pitching for Frisco RoughRiders : RHP Jorge Benítez
Batting: LHB Wilson Dampos 0-0: Called Strike
0-1: Ball
1-1: SINGLE (Groundball, 34D, EV 104.4 MPH)
Batting: RHB Dusty Robinson 0-0: Sac Bunt to 15 - play at first, batter OUT! 1-3
Wilson Dampos to second
Batting: RHB Raúl Mora 0-0: Called Strike
0-1: Ground out 6-3 (Groundball, 6, EV 78.8 MPH)
Batting: RHB Cris Castro 0-0: Ball
1-0: Ball
2-0: Called Strike
2-1: Ball
3-1: Fly out, F7 (Line Drive, 7, EV 89.4 MPH)
Bottom of the 2nd over - 0 runs, 1 hit, 0 errors, 1 left on base; Frisco 0 - Springfield 1
TOP OF THE 3RD
Frisco RoughRiders batting - Pitching for Springfield Cardinals : RHP Juan López
Batting: LHB Jim Unknown 0-0: Ball
1-0: Ball
2-0: Foul Ball, location: 2F
2-1: Called Strike
2-2: Strikes out swinging
Batting: RHB Jim Unknown 0-0: Foul Ball, location: 9LSF
0-1: Swinging Strike
0-2: SINGLE (Groundball, 34S, EV 68.8 MPH) (infield hit)
Batting: LHB Jim Unknown 0-0: Fly out, F8 (Flyball, 8LM, EV 89.4 MPH)
Batting: RHB Dave Maxwell 0-0: Called Strike
0-1: Foul Ball, location: 25F
0-2: Ball
1-2: Foul Ball, location: 25FF
1-2: Ball
2-2: Ball
3-2: Foul Ball, location: 5DF
3-2: Fly out, F9 (Flyball, 9D, EV 103.1 MPH)
Top of the 3rd over - 0 runs, 1 hit, 0 errors, 1 left on base; Frisco 0 - Springfield 1
BOTTOM OF THE 3RD
Springfield Cardinals batting - Pitching for Frisco RoughRiders : RHP Jorge Benítez
Batting: RHB Mende Dodwell 0-0: Called Strike
0-1: Ball
1-1: SINGLE (Line Drive, 4M, EV 98.1 MPH)
Batting: LHB José Baca 0-0: Called Strike
0-1: Ball
1-1: Ball
2-1: Bunt - Flyout to 3S! F3
Batting: RHB Ronnie Watson 0-0: Called Strike
0-1: SINGLE (Groundball, 56, EV 105.0 MPH) (infield hit)
Mende Dodwell to second
Batting: LHB Alex Wood 0-0: Called Strike
0-1: Ball
1-1: TRIPLE (Flyball, 78XD, EV 86.9 MPH)
Mende Dodwell scores
Ronnie Watson scores
Batting: RHB Tony Vance 0-0: 2-RUN HOME RUN (Flyball, 7LD, EV 91.3 MPH), Distance : 337 ft
Batting: LHB Wilson Dampos 0-0: Swinging Strike
0-1: Foul Ball, location: 7LSFF
0-2: Strikes out looking
Batting: RHB Dusty Robinson 0-0: Ball
1-0: Swinging Strike
1-1: Ball
2-1: Ball
3-1: Foul Ball, location: 2F
3-2: Fly out, F6 (Popup, P, EV 86.9 MPH)
Bottom of the 3rd over - 4 runs, 4 hits, 0 errors, 0 left on base; Frisco 0 - Springfield 5
TOP OF THE 4TH
Frisco RoughRiders batting - Pitching for Springfield Cardinals : RHP Juan López
Batting: LHB Caspar Ahernfeld 0-0: Ball
1-0: Called Strike
1-1: SINGLE (Line Drive, 4MD, EV 93.8 MPH)
Batting: RHB António Ramírez 0-0: Foul Ball, location: 9LMF
0-1: Called Strike
0-2: Ball
Wild Pitch!
Caspar Ahernfeld to second
1-2: Strikes out looking
Batting: RHB Joel Johnson 0-0: Fly out, F9 (Flyball, 9S, EV 81.9 MPH)
Batting: LHB Jim Unknown 0-0: Called Strike
0-1: Ball
1-1: Fly out, F6 (Popup, 56, EV 58.1 MPH)
Top of the 4th over - 0 runs, 1 hit, 0 errors, 1 left on base; Frisco 0 - Springfield 5
BOTTOM OF THE 4TH
Springfield Cardinals batting - Pitching for Frisco RoughRiders : RHP Jorge Benítez
Batting: RHB Raúl Mora 0-0: Ball
1-0: Called Strike
1-1: Swinging Strike
1-2: SINGLE (Groundball, 13, EV 68.1 MPH) (infield hit)
Batting: RHB Cris Castro 0-0: Called Strike
0-1: Ball
1-1: Ball
2-1: Called Strike
2-2: Foul Ball, location: 5DF
2-2: Foul Ball, location: 9LSF
2-2: Ball
3-2: SINGLE (Line Drive, 78M, EV 102.5 MPH)
Raúl Mora to second
Pitching: LHP Jim Unknown
Batting: RHB Mende Dodwell 0-0: Ball
1-0: SINGLE (Groundball, 6MD, EV 105.6 MPH)
Raúl Mora to third
Cris Castro to second
Batting: LHB José Baca 0-0: Ball
1-0: Swinging Strike
1-1: Called Strike
1-2: Foul Ball, location: 9LMFF
1-2: Ball
2-2: Ball
3-2: Foul Ball, location: 2F
3-2: Fly out, F8 (Line Drive, 8RD, EV 86.3 MPH)
Runner from 3rd tags up, OUT at HOME! 8-2
Cris Castro to third
Mende Dodwell to second
Batting: RHB Ronnie Watson 0-0: Ball
1-0: Foul Ball, location: 3SF
1-1: Swinging Strike
1-2: Ground out 5-3 (Groundball, 15, EV 83.1 MPH)
Bottom of the 4th over - 0 runs, 3 hits, 0 errors, 2 left on base; Frisco 0 - Springfield 5
TOP OF THE 5TH
Frisco RoughRiders batting - Pitching for Springfield Cardinals : RHP Juan López
Batting: RHB Jim Unknown 0-0: Ball
1-0: SINGLE (Groundball, 4MD, EV 95.6 MPH)
Batting: LHB Jim Unknown 0-0: Ball
1-0: Ball
Jim Unknown steals 2nd base
2-0: Called Strike
2-1: Swinging Strike
2-2: Strikes out swinging
Batting: RHB Jim Unknown 0-0: Called Strike
0-1: Called Strike
0-2: Ball
1-2: Strikes out looking
Batting: LHB Jim Unknown 0-0: Called Strike
0-1: Ball
1-1: Ball
2-1: Ground out 4-3 (Groundball, 4S, EV 68.8 MPH)
Top of the 5th over - 0 runs, 1 hit, 0 errors, 1 left on base; Frisco 0 - Springfield 5
BOTTOM OF THE 5TH
Springfield Cardinals batting - Pitching for Frisco RoughRiders : LHP Jim Unknown
Batting: LHB Alex Wood 0-0: Ball
1-0: Foul Ball, location: 5F
1-1: Called Strike
1-2: Ball
2-2: Foul Ball, location: 23F
2-2: Ground out U3 (Groundball, 34, EV 103.8 MPH)
Batting: RHB Tony Vance 0-0: Ball
1-0: SINGLE (Line Drive, 7S, EV 105.6 MPH)
Batting: LHB Wilson Dampos 0-0: Ball
1-0: Called Strike
1-1: Foul Ball, location: 2F
1-2: Ball
2-2: Ball
3-2: SINGLE (Groundball, 56S, EV 63.8 MPH) (infield hit)
Tony Vance to second
Batting: RHB Dusty Robinson 0-0: Ball
1-0: Grounds into double play, 5-4-3 (Groundball, 5, EV 110.0 MPH)
Bottom of the 5th over - 0 runs, 2 hits, 0 errors, 1 left on base; Frisco 0 - Springfield 5
TOP OF THE 6TH
Frisco RoughRiders batting - Pitching for Springfield Cardinals : RHP Juan López
Batting: RHB Dave Maxwell 0-0: Called Strike
0-1: Ball
1-1: Ground out 6-3 (Groundball, 6, EV 80.6 MPH)
Batting: LHB Caspar Ahernfeld 0-0: Ball
1-0: Called Strike
1-1: Called Strike
1-2: Strikes out swinging
Batting: RHB António Ramírez 0-0: Ball
1-0: Swinging Strike
1-1: Ball
2-1: Fly out, F8 (Flyball, 8RS, EV 96.3 MPH)
Top of the 6th over - 0 runs, 0 hits, 0 errors, 0 left on base; Frisco 0 - Springfield 5
BOTTOM OF THE 6TH
Springfield Cardinals batting - Pitching for Frisco RoughRiders : LHP Jim Unknown
Batting: RHB Raúl Mora 0-0: Called Strike
0-1: Ball
1-1: Called Strike
1-2: Ball
2-2: Fly out, F7 (Flyball, 78S, EV 88.1 MPH)
Batting: RHB Cris Castro 0-0: Ball
1-0: Foul Ball, location: 23F
1-1: Ball
2-1: Foul Ball, location: 2F
2-2: Foul Ball, location: 2F
2-2: Ball
3-2: Ground out 5-3 (Groundball, 56, EV 90.6 MPH)
Batting: RHB Mende Dodwell 0-0: Ball
1-0: Ball
2-0: SOLO HOME RUN (Flyball, 7LD, EV 93.8 MPH), Distance : 340 ft
Batting: LHB José Baca 0-0: Ball
1-0: DOUBLE (Line Drive, 78M, EV 92.5 MPH)
Batting: RHB Ronnie Watson 0-0: Called Strike
0-1: Called Strike
0-2: Ball
1-2: SINGLE (Line Drive, 56D, EV 96.3 MPH)
José Baca to third
Batting: LHB Alex Wood 0-0: Fielders Choice at 2nd, 6-4 (Groundball, 6, EV 103.8 MPH)
Bottom of the 6th over - 1 run, 3 hits, 0 errors, 2 left on base; Frisco 0 - Springfield 6
TOP OF THE 7TH
Frisco RoughRiders batting - Pitching for Springfield Cardinals : RHP Juan López
Batting: RHB Joel Johnson 0-0: Called Strike
0-1: Ball
1-1: Ball
2-1: Fly out, F8 (Flyball, 8LM, EV 98.1 MPH)
Batting: LHB Jim Unknown 0-0: Foul Ball, location: 3FF
0-1: Ball
1-1: Foul Ball, location: 2F
1-2: Ball
2-2: Foul Ball, location: 9LSF
2-2: Ball
3-2: Foul Ball, location: 7LDF
3-2: Strikes out looking
Batting: RHB Jim Unknown 0-0: Ball
1-0: Called Strike
1-1: Ball
2-1: Called Strike
2-2: Foul Ball, location: 3SF
2-2: Fly out, F8 (Flyball, 8RXD, EV 107.5 MPH)
Top of the 7th over - 0 runs, 0 hits, 0 errors, 0 left on base; Frisco 0 - Springfield 6
BOTTOM OF THE 7TH
Springfield Cardinals batting - Pitching for Frisco RoughRiders : LHP Jim Unknown
Batting: RHB Tony Vance 0-0: Ground out 6-3 (Groundball, 6M, EV 105.0 MPH)
Batting: LHB Wilson Dampos 0-0: Ball
1-0: SINGLE (Groundball, 4S, EV 73.1 MPH) (infield hit)
Pitching: RHP Jim Unknown
Batting: RHB Dusty Robinson 0-0: Fielders Choice at 2nd, 4-6 (Groundball, 34, EV 101.9 MPH)
Batting: RHB Raúl Mora 0-0: Called Strike
0-1: Ball
1-1: Called Strike
1-2: Ball
2-2: Fly out, F9 (Flyball, 9LSF, EV 84.4 MPH)
Bottom of the 7th over - 0 runs, 1 hit, 0 errors, 1 left on base; Frisco 0 - Springfield 6
TOP OF THE 8TH
Frisco RoughRiders batting - Pitching for Springfield Cardinals : RHP Juan López
Pitching: LHP Jeff Kaufman
Pinch Hitting: RHB Jim Unknown 0-0: Called Strike
0-1: Ball
1-1: Ball
2-1: SOLO HOME RUN (Flyball, 7LD, EV 96.9 MPH), Distance : 355 ft
Batting: RHB Jim Unknown 0-0: Called Strike
0-1: Foul Ball, location: 2F
0-2: Ground out 5-3 (Groundball, 5, EV 85.0 MPH)
Batting: LHB Jim Unknown 0-0: Swinging Strike
0-1: Fly out, F8 (Flyball, 8LM, EV 90.6 MPH)
Batting: RHB Dave Maxwell 0-0: Called Strike
0-1: Ball
1-1: Ball
2-1: Called Strike
2-2: Ground out 5-3 (Groundball, 5L, EV 91.3 MPH)
Top of the 8th over - 1 run, 1 hit, 0 errors, 0 left on base; Frisco 1 - Springfield 6
BOTTOM OF THE 8TH
Springfield Cardinals batting - Pitching for Frisco RoughRiders : RHP Jim Unknown
Now in LF: Jim Unknown
Batting: RHB Cris Castro 0-0: Foul Ball, location: 7LSF
0-1: Ball
1-1: Foul Ball, location: 2F
1-2: Fly out, F8 (Line Drive, 8LD, EV 97.5 MPH)
Batting: RHB Mende Dodwell 0-0: Ground out 5-3 (Groundball, 56, EV 98.8 MPH)
Batting: LHB José Baca 0-0: DOUBLE (Line Drive, 89D, EV 97.5 MPH)
Batting: RHB Ronnie Watson 0-0: Foul Ball, location: 7LSFF
0-1: SINGLE (Line Drive, 6D, EV 96.3 MPH)
José Baca to third
Runner from 3rd tries for Home, throw by LF and OUT! 7-2
Bottom of the 8th over - 0 runs, 2 hits, 0 errors, 1 left on base; Frisco 1 - Springfield 6
TOP OF THE 9TH
Frisco RoughRiders batting - Pitching for Springfield Cardinals : LHP Jeff Kaufman
Batting: LHB Caspar Ahernfeld 0-0: Foul Ball, location: 7LSF
0-1: TRIPLE (Flyball, 89XD, EV 100.6 MPH)
Batting: RHB António Ramírez 0-0: Swinging Strike
0-1: Called Strike
0-2: Ball
1-2: Ball
2-2: Ground out U3 (Groundball, 34, EV 82.5 MPH)
Batting: RHB Joel Johnson 0-0: Called Strike
0-1: Ground out 2-3 (Groundball, 15S, EV 74.4 MPH)
Pinch Hitting: RHB Jim Unknown 0-0: SINGLE (Groundball, 4M, EV 105.6 MPH) (infield hit)
Caspar Ahernfeld scores
Batting: RHB Jim Unknown 0-0: Called Strike
0-1: Ball
1-1: Fly out, F8 (Flyball, 8RXD, EV 94.4 MPH)
Top of the 9th over - 1 run, 2 hits, 0 errors, 1 left on base; Frisco 2 - Springfield 6
Monday, April 1st , 2024 - OOTP Baseball 24.10 Build 82